 Dungeon Crawl Stone Soup version 0.28-a0-1128-gb845255321 (webtiles) character file.

Game seed: 4375005356008273856

14194 ChaosChampion the Fighter (level 11, -18/93 HPs)
             Began as a Demonspawn Abyssal Knight on Dec 12, 2021.
             Was a High Priest of Lugonu.
             Demolished by a sun demon (21 damage)
             ... summoned by a kobold demonologist
             ... on level 11 of the Dungeon.
             The game lasted 00:28:49 (14124 turns).

ChaosChampion the Fighter (DsAK)                   Turns: 14124, Time: 00:28:49

Health: -18/93     AC:  7    Str: 31    XL:     11   Next: 85%
Magic:  0/18       EV: 14    Int: 11    God:    Lugonu [*****.]
Gold:   622        SH:  5    Dex: 16    Spells: 10/10 levels left

rFire   . . .      SeeInvis .   a - +2 hand axe (spect)
rCold   + . .      Faith    .   y - +0 buckler
rNeg    . . .      Spirit   +   S - +1 leather armour of the Last Nights {rC+ Str+3}
rPois   .          Reflect  .   (no helmet)
rElec   .          Harm     .   (no cloak)
rCorr   .          Rampage  .   g - +0 pair of gloves
Will    ++++.                   (no boots)
Stlth   ..........              R - amulet of Gulipev {Spirit Will+++ Str+9 Dex-3 Stlth-}
HPRegen 0.25/turn               e - ring of willpower
MPRegen 0.16/turn               s - +6 ring of dexterity

@: no status effects
A: claws 1, spiny 3, sharp scales 1, condensation shield
a: Renounce Religion, Depart the Abyss, Bend Space, Banish, Corrupt, Enter the
Abyss


You were on level 11 of the Dungeon.
You worshipped Lugonu.
Lugonu was extremely pleased with you.
You visited 2 branches of the dungeon, and saw 12 of its levels.
You visited the Abyss 1 time.
You also visited: Sewer and Ossuary.

You collected 622 gold pieces.

Inventory:

Hand Weapons
 a - a +2 spectral hand axe (weapon)
Missiles
 B - 2 throwing nets
 G - 5 boomerangs
Armour
 f - a +2 robe of fire resistance
 g - a +0 pair of gloves (worn)
 x - a scarf of harm
 y - a +0 buckler (worn)
 K - +1 steam dragon scales
 S - the +1 leather armour of the Last Nights (worn) {rC+ Str+3}
   (You found it on level 10 of the Dungeon)

   Str:       It affects your strength (+3).
   rC:        It protects you from cold.
Jewellery
 e - a ring of willpower (left hand)
 s - a +6 ring of dexterity (right hand)
 v - an amulet of the acrobat
 D - a ring of willpower
 O - an amulet of regeneration
 R - the amulet of Gulipev (around neck) {Spirit Will+++ Str+9 Dex-3 Stlth-}
   (You found it on level 10 of the Dungeon)

   [amulet of guardian spirit]

   It causes incoming damage to be divided between your reserves of health and
   magic.
   Str:       It affects your strength (+9).
   Dex:       It affects your dexterity (-3).
   Will:      It greatly increases your willpower.
   Stlth:     It makes you less stealthy.
Wands
 q - a wand of paralysis (19)
 t - a wand of flame (27)
 z - a wand of iceblast (16)
 F - a wand of digging (7)
 L - a wand of charming (5)
 N - a wand of polymorph (10)
Scrolls
 b - 3 scrolls of vulnerability {unknown}
 c - 2 scrolls of immolation
 i - 2 scrolls of enchant weapon
 l - a scroll of fear
 n - a scroll of acquirement {unknown}
 r - 2 scrolls of fog
 w - a scroll of noise
 H - 2 scrolls of teleportation
 I - a scroll of amnesia
 P - a scroll of enchant armour
 Q - 2 scrolls of blinking {unknown}
Potions
 d - 3 potions of attraction {unknown}
 h - 6 potions of flight
 j - 2 potions of mutation {unknown}
 k - 3 potions of magic
 m - 3 potions of heal wounds {unknown}
 o - a potion of haste {unknown}
 p - 2 potions of curing
 u - 2 potions of berserk rage {unknown}
 A - a potion of lignification {unknown}
 C - 2 potions of brilliance
 E - a potion of cancellation {unknown}
 J - a potion of might {unknown}


   Skills:
 + Level 11.0 Fighting
 + Level 9.8 Axes
 - Level 6.1 Armour
 - Level 5.9 Dodging
 - Level 4.0 Shields
 - Level 10.0 Invocations


You had 10 spell levels left.
You didn't know any spells.
Your spell library contained the following spells:

 Spells                   Type           Power      Damage    Failure   Level
 Summon Small Mammal      Summ           0%         N/A       36%         1
 Blink                    Tloc           0%         N/A       52%         2
 Corpse Rot               Necr/Air       0%         N/A       52%         2
 Poisonous Vapours        Pois/Air       0%         N/A       52%         2
 Static Discharge         Conj/Air       0%         N/A       52%         2
 Call Canine Familiar     Summ           0%         N/A       75%         3
 Inner Flame              Hex/Fire       0%         N/A       75%         3
 Lesser Beckoning         Tloc           0%         N/A       75%         3
 Summon Guardian Golem    Hex/Summ       0%         N/A       75%         3
 Cause Fear               Hex            0%         N/A       98%         4
 Dispel Undead            Necr           0%         3d6       98%         4
 Sticky Flame             Conj/Fire      0%         2d3       98%         4
 Manifold Assault         Tloc           0%         N/A       100%        5
 Discord                  Hex            0%         N/A       100%        8


Dungeon Overview and Level Annotations

Branches:
Dungeon (11/15)            Temple (1/1) D:6            Lair (0/6) D:8
    Orc (0/2) D:10          Sewer (visited)         Ossuary (visited)

Altars:
Ashenzari
Cheibriados
Dithmenos
Elyvilon
Fedhas
Gozag
Hepliaklqana
Kikubaaqudgha
Makhleb
Nemelex Xobeh
Okawaru
Qazlal
Ru
Sif Muna
Trog
Uskayaw
Vehumet
Wu Jian
Xom
Yredelemnul
Zin
The Shining One

Shops:
D:9 (   D:10 (

Annotations:
Abyss:1 Grinder


Innate Abilities, Weirdness & Mutations

You have sharp fingernails.
You are completely covered in sharp spines.
You are partially covered in razor-sharp scales. (AC +1, Slay +1)
A meltable shield of frost defends you. (SH +0)


Message History

You hit the yak.
The yak is lightly wounded.
You block the yak's attack.
You slash the yak!
The yak is moderately wounded.
The yak is struck by your spines. The yak gores you!
You slash the yak!
The yak is severely wounded.
The yak is struck by your spines. The yak closely misses you.
You slash the yak!
You kill the yak!
Lugonu accepts your kill.
Your Fighting skill increases to level 11!
You barely miss the kobold demonologist.
The kobold demonologist casts a spell.
You slash the kobold demonologist!
The kobold demonologist is moderately wounded.
The kobold demonologist gestures wildly while chanting.
You closely miss the kobold demonologist.
The kobold demonologist is moderately wounded.
You hit the sun demon but do no damage. You block the sun demon's attack.
The kobold demonologist misses you.
You hit the kobold demonologist.
The kobold demonologist is moderately wounded.
You hit the sun demon but do no damage. You block the sun demon's attack.
You completely miss the kobold demonologist.
The kobold demonologist is moderately wounded.
You barely miss the sun demon.
The kobold demonologist casts a spell.
The sun demon is struck by your spines. The sun demon hits you!!
* * * LOW HITPOINT WARNING * * *
You are engulfed in flames!
Your condensation shield dissipates!
* * * LOW HITPOINT WARNING * * *
You hit the kobold demonologist.
The kobold demonologist is heavily wounded.
You closely miss the sun demon.
The kobold demonologist looks satisfied for a moment.
The sun demon hits you!!
You die...

.
..###############
.
..#......55YK@3.#
.
..#.###########.#
# #.#.# #.# #
#.#.# #####.# #
#.#Y# #.....#
####.#.#
#.##########
.5Y...>##
#.........<#
##.#....#
#..#########
##.####.# #..#


You could see a sun demon (summoned), a kobold demonologist, a yak, an iron imp
(summoned) and a shadow imp (summoned).

Vanquished Creatures
  Josephine (D:10)
  A centaur warrior (D:9)
  A komodo dragon (D:9)
  2 kobold demonologists (D:11)
  A meliai zombie (D:10)
  2 shadows
  6 wraiths (D:10)
  A wyvern (D:9)
  25 yaks
  A warg (D:10)
  3 vampire mosquitoes
  A water moccasin (D:8)
  2 hornet zombies (Ossuary)
  An ice beast (D:7)
  A sky beast (D:7)
  A black bear (D:8)
  2 orc warriors
  3 ogres
  A necrophage (D:4)
  5 centaurs
  Blork the orc (D:4)
  8 kobold brigands
  A bullfrog (D:7)
  4 scorpions
  2 wyvern zombies (Ossuary)
  3 water moccasin zombies (Ossuary)
  2 water moccasin skeletons
  A howler monkey (D:11)
  9 centaur zombies
  5 bullfrog zombies (Ossuary)
  Crazy Yiuf (D:4)
  6 orc priests
  8 hounds
  2 gnoll shamans
  4 jellies
  A bullfrog skeleton (D:7)
  3 iguanas
  Natasha (twice) (D:4)
  4 orc wizards
  A killer bee zombie (Ossuary)
  13 mummies
  A hound skeleton (D:5)
  3 howler monkey zombies
  8 gnolls
  7 adders
  4 river rats (D:3)
  A white imp (D:8)
  4 dart slugs
  3 worms
  26 orcs
  11 ball pythons
  12 endoplasms
  5 giant cockroaches
  4 goblins
  4 hobgoblins
  2 quokkas
  3 bats (D:1)
  5 frilled lizards
  39 kobolds
  6 rats
  A spectral orc (D:4)
291 creatures vanquished.

Vanquished Creatures (others)
  4 withered plants (Ossuary)
4 creatures vanquished.

Grand Total: 295 creatures vanquished

Notes
Turn   | Place    | Note
-------+----------+-------------------------------------------
     0 | Abyss:1  | ChaosChampion the Demonspawn Abyssal Knight began the quest
                  | for the Orb.
     0 | Abyss:1  | Reached XP level 1. HP: 18/18 MP: 2/2
    39 | D:1      | Escaped the Abyss
    90 | D:1      | Reached skill level 1 in Dodging
   487 | D:1      | Gained mutation: A meltable shield of frost defends you.
                  | (SH +0) [demonic ancestry]
   487 | D:1      | Reached XP level 2. HP: 18/24 MP: 4/4
  1005 | D:1      | Reached ** piety under Lugonu
  1253 | D:1      | Gained mutation: You are partially covered in sharp spines.
                  | [demonic ancestry]
  1253 | D:1      | Reached XP level 3. HP: 29/29 MP: 5/5
  1930 | D:2      | Found a faded altar of an unknown god.
  2005 | D:2      | Found a hide-covered altar of Uskayaw.
  2110 | D:2      | Reached XP level 4. HP: 34/35 MP: 6/6
  2937 | D:3      | Reached XP level 5. HP: 41/42 MP: 7/7
  3067 | D:3      | Found a glowing drain.
  3079 | Sewer    | Entered a sewer
  3115 | Sewer    | Reached skill level 4 in Fighting
  3115 | Sewer    | Gained mutation: You are partially covered in razor-sharp
                  | scales. (AC +1, Slay +1) [demonic ancestry]
  3115 | Sewer    | Reached XP level 6. HP: 29/48 MP: 9/9
  3392 | Sewer    | Reached *** piety under Lugonu
  3680 | D:4      | Noticed Blork the orc
  3687 | D:4      | Killed Blork the orc
  3741 | D:4      | Gained mutation: You are mostly covered in sharp spines.
                  | [demonic ancestry]
  3741 | D:4      | Reached XP level 7. HP: 49/55 MP: 10/10
  3850 | D:4      | Found a runed translucent door.
  3851 | D:4      | Noticed Crazy Yiuf
  3899 | D:4      | Reached skill level 5 in Invocations
  4111 | D:4      | Noticed Natasha
  4118 | D:4      | Killed Natasha
  4235 | D:4      | Noticed Grinder
  4260 | D:4      | Banished Grinder
  4261 | D:4      | Reached skill level 5 in Fighting
  4408 | D:4      | Noticed a wyvern
  4413 | D:4      | Banished a wyvern
  4414 | D:4      | Reached XP level 8. HP: 62/62 MP: 3/12
  4510 | D:4      | Found a basalt altar of Yredelemnul.
  4519 | D:4      | Noticed Natasha
  4528 | D:4      | Killed Natasha
  4740 | D:4      | Found a sparkling altar of Nemelex Xobeh.
  4819 | D:4      | Killed Crazy Yiuf
  4943 | D:5      | Entered Level 5 of the Dungeon
  5711 | D:6      | Got the Incunabulum of the Oath
  5745 | D:6      | Reached skill level 6 in Fighting
  5850 | D:6      | Found a shadowy altar of Dithmenos.
  5869 | D:6      | Reached skill level 5 in Armour
  5909 | D:6      | Reached skill level 5 in Axes
  6033 | D:6      | Reached XP level 9. HP: 69/69 MP: 14/14
  6040 | D:6      | Found a staircase to the Ecumenical Temple.
  6062 | Temple   | Entered the Ecumenical Temple
  6957 | D:7      | Noticed a troll
  6978 | D:7      | Banished a troll
  6979 | D:7      | Reached skill level 5 in Dodging
  8246 | D:7      | Found a hide-covered altar of Uskayaw.
  8260 | D:7      | Reached **** piety under Lugonu
  8458 | D:7      | Found a hazy altar of Hepliaklqana.
  8459 | D:7      | Found a shimmering altar of Xom.
  8460 | D:7      | Noticed a hell beast
  8460 | D:7      | Noticed a spectral ugly thing
  9009 | D:8      | Found a sand-covered staircase.
  9017 | Ossuary  | Entered an ossuary
  9053 | Ossuary  | Reached skill level 7 in Fighting
  9283 | Ossuary  | Gained mutation: You have sharp fingernails. [demonic
                  | ancestry]
  9283 | Ossuary  | Reached XP level 10. HP: 66/79 MP: 16/16
  9311 | Ossuary  | Reached skill level 1 in Shields
  9356 | Ossuary  | Reached ***** piety under Lugonu
  9983 | D:8      | Found a staircase to the Lair.
 10638 | D:9      | Noticed a brown ugly thing
 10944 | D:9      | Noticed a centaur warrior
 10958 | D:9      | Killed a centaur warrior
 11143 | D:9      | Reached skill level 8 in Fighting
 11151 | D:9      | Reached skill level 10 in Invocations
 11401 | D:9      | Found a blossoming altar of Fedhas.
 11466 | D:9      | Found Telucacs's Antique Weapon Shop.
 11720 | D:9      | Noticed a cyclops
 11751 | D:9      | Banished a cyclops
 11912 | D:9      | Gained mutation: You are completely covered in sharp
                  | spines. [demonic ancestry]
 11912 | D:9      | Reached XP level 11. HP: 74/87 MP: 18/18
 12088 | D:10     | Entered Level 10 of the Dungeon
 12132 | D:10     | Found a staircase to the Orcish Mines.
 12132 | D:10     | Noticed a two-headed ogre
 12141 | D:10     | Reached skill level 9 in Fighting
 12145 | D:10     | Found Cuxak's Antique Weapon Boutique.
 12265 | D:10     | Banished a two-headed ogre
 12741 | D:10     | Identified the amulet of Gulipev {Spirit Will+++ Str+9
                  | Dex-3 Stlth-}
 12801 | D:10     | Identified the +1 leather armour of the Last Nights {rC+
                  | Str+3}
 12877 | D:10     | Reached skill level 10 in Fighting
 13157 | D:10     | Noticed Josephine
 13184 | D:10     | Killed Josephine
 13232 | D:10     | HP: 2/92 [wraith[Josephine] (4)]
 14119 | D:11     | Reached skill level 11 in Fighting
 14121 | D:11     | Noticed a sun demon
 14123 | D:11     | HP: 2/93 [sun demon[a kobold demonologist] (12)]
 14124 | D:11     | Demolished by a sun demon

Illustrated notes

Levels and vault maps discovered:
D:1:      wheals_arrival_linesprint, layout_basic
D:2:      layout_loops_ring, basic_altar, hellmonk_ecumenical_altar_run_dry,
          mrwooster_statue_mirror, minmay_puff
D:3:      layout_loops_ring, portal_sewer_entry_e
D:4:      layout_basic, yredelemnul_forgotten_temple_becter,
          nemelex_dance_club_becter, kennysheep_little_box, serial_corexii_hall,
          corexii_hall_statues_s, chequers_hall_statues_wall_a,
          minmay_quantized, uniq_grinder, uniq_natasha, uniq_crazy_yiuf_cottage,
          uniq_blork_the_orc
D:5:      layout_rooms
D:6:      nicolae_cairo_tiling_large_dashed, layout_basic,
          mainiacjoe_overflow_24_doors, tso_metal_star, lemuel_doored_altar
D:7:      layout_loops_corners, nicolae_uskayaw_dance_studio,
          regret_index_temple_of_mockery
D:8:      layout_layer_cave, dpeg_oklobed_lair, gup_ossuary_entry_pyramid
D:9:      layout_loops_ring, fedhas_altar_2, serial_shops, shop
D:10:     layout_loops_ring, david_orc_3, serial_shops, nicolae_diamond_shop,
          minivault_16, uniq_josephine
D:11:     layout_basic, hex_intersection, uniq_grum
Temple:   minmay_temple_bridge_abc

Skill      XL: |  1  2  3  4  5  6  7  8  9 10 11 |
---------------+----------------------------------+-----
Dodging        | 1 2 3 4 5 |  5.9
Axes           | 2 3 4 5 6 7 9 |  9.8
Armour         | 2 3 4 5 6 |  6.1
Invocations    | 3 4 5 7 8 10 | 10.0
Fighting       | 4 5 6 7 8 11 | 11.0
Shields        | 4 |  4.0

Action                   |  1- 3 |  4- 6 |  7- 9 | 10-12 || total
-------------------------+-------+-------+-------+-------++-------
Melee: Hand axe          |    91 |   116 |   255 |   377 ||   839
Invok: Banish            |       |       |     6 |     5 ||    11
       Bend Space        |       |       |     2 |       ||     2
  Use: Scroll            |     4 |     1 |     7 |     5 ||    17
       Potion            |       |       |       |     6 ||     6
 Stab: Distracted        |     1 |       |     7 |     5 ||    13
       Sleeping          |       |     1 |     5 |     2 ||     8
Armor: Leather armour    |    17 |       |       |    18 ||    35
       Robe              |     7 |    13 |    27 |       ||    47
       Steam dragon scal |       |       |     8 |    41 ||    49
Dodge: Dodged            |    61 |    46 |    99 |   164 ||   370
Block: Other             |    12 |    13 |    11 |       ||    36
       Buckler           |       |       |    70 |   131 ||   201

Table legend: (Time is in decaauts)
 A = Elapsed time spent in this place.
 B = Non-inter-level travel time spent in this place.
 C = Inter-level travel time spent in this place.
 D = Time resting spent in this place.
 E = Time spent auto-exploring this place.
 F = Levels seen in this place.
 G = Mean time per level.
                   A        B        C        D        E       F      G
               +--------+--------+--------+--------+--------+-----+--------+
         Total |  14309 |  14164 |    145 |   2457 |   8322 |  15 |  953.9 |
       Dungeon |  13109 |  12964 |    145 |   2354 |   7821 |  11 | 1191.7 |
        Temple |    197 |    197 |      0 |      0 |    168 |   1 |  197.0 |
         Abyss |     39 |     39 |      0 |      0 |     35 |   1 |   39.0 |
         Sewer |    403 |    403 |      0 |    103 |      0 |   1 |  403.0 |
       Ossuary |    559 |    559 |      0 |      0 |    297 |   1 |  559.0 |
               +--------+--------+--------+--------+--------+-----+--------+

Top non-repeatable levels by time:
     D:7: 1817 daAuts
    D:10: 1812 daAuts
     D:1: 1523 daAuts
     D:8: 1514 daAuts
     D:6: 1404 daAuts
     D:4: 1315 daAuts
     D:9: 1235 daAuts
     D:3: 970 daAuts
     D:2: 789 daAuts
 Ossuary: 559 daAuts
     D:5: 540 daAuts
   Sewer: 403 daAuts
  Temple: 197 daAuts
    D:11: 186 daAuts
 Abyss:1: 39 daAuts
